 Dungeon Crawl Stone Soup version 0.25.1-8-g42b30a86e7 (webtiles) character file.

Game seed: 963278641263828186

1107 JohnSpartan the Stinger (level 8, -3/61 HPs)
             Began as a Black Draconian Venom Mage on Dec 18, 2020.
             Slain by a wyvern (9 damage)
             ... on level 7 of the Dungeon.
             The game lasted 01:16:17 (7245 turns).

JohnSpartan the Stinger (DrVM)                      Turns: 7245, Time: 01:16:18

Health: -3/61      AC:  8    Str: 10    XL:     8   Next: 11%
Magic:  8/14       EV: 13    Int: 18    God:
Gold:   223        SH:  0    Dex: 12    Spells: 6/15 levels left

rFire    . . .     SeeInvis .   x - +2 dagger (venom)
rCold    . . .     Gourm    .   (no shield)
rNeg     . . .     Faith    .   (armour unavailable)
rPois    .         Spirit   .   (helmet restricted)
rElec    +         Reflect  .   (no cloak)
rCorr    .         Harm     .   t - +0 pair of gloves
MR       .....                  k - +0 pair of boots
Stlth    ++........             i - amulet of regeneration
HPRegen  0.60/turn              (no ring)
MPRegen  0.14/turn              (no ring)

@: no status effects
A: breathe lightning, unfitting armour, electricity resistance, cold-blooded, AC
+6
a: Breathe Lightning


You were on level 7 of the Dungeon.
You were not hungry.

You visited 1 branch of the dungeon, and saw 7 of its levels.

You collected 223 gold pieces.

Inventory:

Hand Weapons
 e - a +0 flail
 f - a +0 whip of electrocution
 j - a +4 halberd
 m - a +0 whip
 p - a +0 vampiric whip
 r - a +0 flail
 x - a +2 dagger of venom (weapon)
 H - a +1 vampiric rapier
Missiles
 a - 21 poisoned darts (quivered)
 c - 205 stones
 g - 42 bolts
 w - 2 silver boomerangs
 A - 32 arrows
Armour
 d - a +0 leather armour
 k - a +0 pair of boots (worn)
 l - a +0 robe
 t - a +0 pair of gloves (worn)
Magical Staves
 o - an uncursed staff of air {unknown}
Jewellery
 i - an amulet of regeneration (around neck)
 z - an uncursed amulet of the acrobat {unknown}
 E - an uncursed ring of positive energy {unknown}
Wands
 C - a wand of iceblast (10)
Scrolls
 q - a scroll of random uselessness {unknown}
 u - 2 scrolls of teleportation {unknown}
 y - 2 scrolls of amnesia {unknown}
 D - a scroll of noise {unknown}
 G - a scroll of remove curse
 I - a scroll of enchant weapon
Potions
 h - a potion of heal wounds {unknown}
 n - 3 potions of might {unknown}
 s - 2 potions of lignification {unknown}
 v - 2 potions of invisibility {unknown}
 B - a potion of haste
 F - a potion of resistance {unknown}
 J - a potion of magic {unknown}
Comestibles
 b - 5 rations


   Skills:
 + Level 1.9 Fighting
 + Level 1.8 Short Blades
 + Level 1.4 Maces & Flails
 + Level 3.8 Throwing
 + Level 2.9 Dodging
 + Level 2.9 Stealth
 + Level 4.4 Spellcasting
 + Level 0.3 Conjurations
 + Level 2.6 Transmutations
 + Level 0.4 Fire Magic
 + Level 1.5 Air Magic
 + Level 4.8 Poison Magic


You had 6 spell levels left.
You knew the following spells:

 Your Spells              Type           Power        Failure   Level  Hunger
a - Sting                 Tmut/Pois      ###.         3%          1    None
b - Poisonous Vapours     Pois/Air       ###...       5%          2    #......
c - Ignite Poison         Fire/Tmut/Pois ##......     14%         3    ###....
d - Mephitic Cloud        Conj/Pois/Air  ##......     17%         3    ###....

Your spell library contained the following spells:

 Spells                   Type           Power        Failure   Level  Hunger
 Olgreb's Toxic Radiance  Pois           ###.....     19%         4    ####...


Dungeon Overview and Level Annotations

Branches:
Dungeon (7/15)             Temple (0/1) D:5

Altars:
Cheibriados
Yredelemnul
The Shining One


Innate Abilities, Weirdness & Mutations

You can breathe wild blasts of lightning.
Your glossy black scales are hard. (AC +6)
You cannot fit into any form of body armour.
You are resistant to electric shocks. (rElec)
You are cold-blooded and may be slowed by cold attacks.


Message History

Okay, then.
Okay, then.
Casting: Mephitic Cloud (dangerous; 17% risk of failure)
Confirm with . or Enter, or press ? or * to list all spells.
Aiming: Mephitic Cloud (dangerous; 17% risk of failure)
Press: ? - help, Shift-Dir - straight line The ball explodes into a vile cloud!
The stinking cloud engulfs the wyvern but does no damage.
The wyvern is moderately wounded.
The wyvern is engulfed in noxious fumes.
The wyvern misses you.
The wyvern is engulfed in noxious fumes.
The wyvern closely misses you. The wyvern bites you. The wyvern misses you.
There is a stone staircase leading up here.
The wyvern bites you!
* * * LOW HITPOINT WARNING * * *
The wyvern bites you!
You die...

###### ### ####.##.###.#
##...........###..
######@................
.......l....<...........
######..................
########.#.##.#...##.###..
....................... .
............#.#...##.#.#
####.###.#....#...##.#.#
..................... .
.....................


You could see a wyvern (very poisoned).

Vanquished Creatures
  Eustachio (D:6)
  An ice beast (D:2)
  A sky beast (D:4)
  An orc warrior (D:6)
  An ogre (D:5)
  2 jellies
  A bullfrog zombie (D:6)
  4 orc wizards
  An orc priest (D:4)
  4 worker ants
  2 hound skeletons (D:4)
  7 adders
  4 gnolls (D:2)
  A shadow imp (D:5)
  2 oozes
  5 worms
  3 dart slugs
  2 leopard geckos
  15 orcs
  9 bats
  A giant cockroach (D:4)
  8 goblins
  5 hobgoblins
  4 jackals (D:4)
  7 kobolds
  2 quokkas
  2 ball pythons
  3 frilled lizards
  9 rats
  A plant (D:3)
109 creatures vanquished.

Notes
Turn   | Place    | Note
-------+----------+-------------------------------------------
     0 | D:1      | JohnSpartan the Draconian Venom Mage began the quest for
                  | the Orb.
     0 | D:1      | Reached XP level 1. HP: 14/14 MP: 3/3
   181 | D:1      | Reached XP level 2. HP: 13/20 MP: 1/5
   309 | D:1      | Learned a level 2 spell: Poisonous Vapours
  1329 | D:2      | Reached XP level 3. HP: 26/26 MP: 3/6
  1551 | D:2      | Learned a level 3 spell: Ignite Poison
  2103 | D:2      | Reached XP level 4. HP: 31/34 MP: 4/7
  2286 | D:2      | Reached skill level 1 in Maces & Flails
  2519 | D:2      | Reached XP level 5. HP: 39/39 MP: 9/9
  4016 | D:4      | Reached skill level 1 in Throwing
  4124 | D:4      | Noticed a sky beast
  4157 | D:4      | Killed a sky beast
  4157 | D:4      | Reached XP level 6. HP: 42/46 MP: 7/11
  4203 | D:4      | Learned a level 3 spell: Mephitic Cloud
  4782 | D:4      | Found a snail-covered altar of Cheibriados.
  4840 | D:4      | Noticed an ice beast
  4896 | D:2      | Killed an ice beast
  4896 | D:2      | Your scales start taking on a glossy black colour.
  4896 | D:2      | Reached skill level 1 in Air Magic
  4896 | D:2      | Reached XP level 7. HP: 41/51 MP: 13/13
  4896 | D:2      | Gained mutation: You are resistant to electric shocks.
                  | (rElec) [Black Draconian growth]
  5414 | D:5      | Entered Level 5 of the Dungeon
  5694 | D:5      | Found a staircase to the Ecumenical Temple.
  5719 | D:5      | Reached skill level 1 in Fighting
  5719 | D:5      | Reached skill level 1 in Short Blades
  5986 | D:5      | Found a glowing golden altar of the Shining One.
  6444 | D:6      | Noticed Eustachio
  6537 | D:6      | Killed Eustachio
  6806 | D:6      | Reached XP level 8. HP: 37/59 MP: 5/14
  7058 | D:6      | Found a basalt altar of Yredelemnul.
  7061 | D:6      | Noticed a profane servitor
  7074 | D:6      | Found a glowing golden altar of the Shining One.
  7076 | D:6      | Noticed an angel
  7245 | D:7      | Slain by a wyvern

Illustrated notes

Levels and vault maps discovered:
D:1:      minmay_arrival_split_and_join, layout_basic, lemuel_another_geyser
D:2:      layout_loops_corners, first_ration, minmay_pentomino_u2
D:3:      layout_loops_ring, serial_bayou_pond_a, uniq_crazy_yiuf_cottage
D:4:      layout_basic, kennysheep_slug_shrine
D:5:      layout_basic, temple_fountains, nicolae_tso_carved_into_rock
D:6:      layout_basic, grunt_temple_overflow_holy_war, uniq_eustachio
D:7:      layout_basic, gammafunk_temple_overflow_elements, serial_shops, shop

Skill      XL: |  1  2  3  4  5  6  7 |
---------------+----------------------+-----
Stealth        | 2 |  2.9
Dodging        | 2 |  2.9
Spellcasting   | 3 4 |  4.4
Maces & Flails | 1 |  1.4
Transmutations | 2 |  2.6
Throwing       | 1 2 3 |  3.8
Poison Magic   | 4 |  4.8
Air Magic      | 1 |  1.5
Fighting       | 1 |  1.9
Short Blades   | 1 |  1.8
Conjurations   | |  0.3
Fire Magic     | |  0.4

Action                   |  1- 3 |  4- 6 |  7- 9 || total
-------------------------+-------+-------+-------++-------
Melee: Whip              |    34 |    87 |       ||   121
       Unarmed           |     4 |       |       ||     4
       Tailslap          |     3 |    12 |     5 ||    20
       Dagger            |       |    21 |    35 ||    56
Throw: Dart              |    12 |    62 |    13 ||    87
       Boomerang         |       |     1 |    20 ||    21
 Cast: Sting             |    26 |    58 |     9 ||    93
       Poisonous Vapours |     9 |     7 |     6 ||    22
       Ignite Poison     |     1 |     6 |     2 ||     9
       Mephitic Cloud    |       |     2 |     4 ||     6
  Use: Scroll            |     2 |     2 |     3 ||     7
       Potion            |     1 |     1 |       ||     2
 Stab: Sleeping          |       |     1 |       ||     1
  Eat: Chunk             |     5 |    10 |     5 ||    20
       Ration            |       |       |     1 ||     1
Armor: Skin              |    20 |    77 |    11 ||   108
Dodge: Dodged            |    30 |   127 |    34 ||   191
